Map: Port Aleksander LE

Players

ShoWTimE - Winner!

  • Race: Protoss Protoss
  • Spawn Location: 5:00

ArT

  • Race: Protoss Protoss
  • Spawn Location: 11:00

Event: IEM Season 13: Katowice (2019)

VOD

Have the link to the VOD?

Description

Time

  • Played on: Feb. 25, 2019, 9:16 a.m.
  • Length: 11:03

All games in this series

Show
View Real Time Build Order
Export as new Build Order

ShoWTimE Protoss - Winner!

Build Orders: Oracle Opening, Phoenix Opening 

Get SALT Encoding   

  12  0:00  Probe  
  13  0:12  Probe  
  14  0:17  Pylon  
  14  0:24  Probe  
  15  0:32  Probe  
  15  0:37  Gateway  
  15  0:40  Probe  
  16  0:47  Assimilator  
  17  0:50  Probe  
  17  0:55  Assimilator  
  18  0:58  Probe  
  19  1:06  Probe  
  20  1:12  Gateway  
  20  1:17  Probe  
  21  1:26  Cybernetics Core  
  21  1:29  Probe  
  22  1:37  Pylon  
  22  1:41  Probe  
  23  1:55  Probe  
  24  2:02  Sentry, Stalker  
  24  2:03  Warp Gate  
  24  2:07  Probe  
  29  2:11  Pylon  
  31  2:33  Stalker  
  31  2:35  Phoenix  
  31  2:43  Stargate  
  31  2:54  Nexus  
  31  3:01  Stalker  
  33  3:06  Probe  
  34  3:16  Pylon  
  34  3:17  Oracle  
  34  3:18  Probe  
  35  3:30  Probe  
  39  3:39  Twilight Council  
  39  3:43  Probe, Shield Battery  
  40  3:52  Probe  
  40  3:57  Phoenix  
  40  4:00  Probe  
  43  4:04  Probe  
  45  4:11  Probe  
  45  4:12  Probe  
  47  4:21  Probe, Blink  
  47  4:23  Probe  
  48  4:29  Probe  
  49  4:34  Pylon  
  49  4:35  Probe  
  49  4:37  Probe  
  51  4:42  Stalker  
  51  4:43  Stalker  
  56  4:47  Probe x2  
  54  4:59  Probe x2  
  56  5:02  Assimilator  
  56  5:04  Assimilator  
  56  5:11  Probe x2, Pylon  
  58  5:14  Robotics Facility  
  58  5:16  Forge  
  58  5:20  Sentry  
  60  5:23  Probe  
  60  5:24  Probe  
  60  5:26  Protoss Ground Weapons Level 1  
  62  5:29  Stalker  
  64  5:35  Probe  
  64  5:36  Pylon  
  65  5:43  Gateway  
  65  5:44  Gateway  
  65  5:53  Stalker x2  
  69  6:00  Gateway  
  69  6:03  Gateway  
  69  6:06  Observer  
  70  6:22  Gateway, Charge  
  70  6:27  Immortal, Gateway  
  74  6:34  Zealot x2  
  78  6:41  Templar Archives  
  78  6:44  Pylon  
  78  6:47  Zealot  
  77  7:06  Immortal, Protoss Ground Weapons Level 2  
  81  7:10  Zealot  
  81  7:11  Zealot x3  
  85  7:20  Stalker x2  
  85  7:35  Probe  
  86  7:39  Zealot x4  
  94  7:46  Pylon  
  94  7:53  Nexus  
  94  7:57  Pylon  
  94  8:03  Warp Prism, Shield Battery  
  94  8:08  Sentry  
  94  8:12  High Templar x2  
  102  8:16  Archon  
  102  8:18  Pylon  
  102  8:19  High Templar x2  
  106  8:25  Archon  
  106  8:26  Zealot x2  
  110  8:33  Immortal  
  110  8:36  Pylon  
  114  8:45  Pylon  
  114  8:53  High Templar x2  
  118  8:55  Pylon  
  118  8:57  Archon  
  118  9:05  Zealot  
  118  9:06  Zealot x2  
  124  9:16  Warp Prism  
  126  9:20  Zealot, High Templar x2  
  132  9:24  Pylon, Archon  
  132  9:27  Zealot  
  134  9:35  Probe x2  
  134  9:36  Probe  
  137  9:40  Pylon  
  137  9:44  Zealot x3  
  141  9:55  Zealot x2, High Templar x2  
  141  9:59  Archon  
  147  10:18  Zealot x2  
  147  10:19  Zealot x4  
  123  10:42  Zealot x6  
  131  10:47  Zealot x2  
Show
View Real Time Build Order
Export as new Build Order

ArT Protoss 

Build Orders: Oracle Opening, Phoenix Opening 

Get SALT Encoding   

  12  0:00  Probe  
  13  0:13  Probe  
  14  0:18  Pylon  
  14  0:24  Probe  
  15  0:32  Probe  
  15  0:39  Gateway  
  15  0:40  Probe  
  16  0:49  Assimilator  
  17  0:51  Probe  
  18  0:58  Assimilator  
  18  1:03  Probe  
  19  1:12  Gateway  
  19  1:16  Probe  
  20  1:28  Cybernetics Core  
  20  1:29  Probe  
  21  1:38  Pylon  
  21  1:42  Probe  
  22  1:54  Probe  
  23  2:05  Warp Gate, Sentry, Stalker  
  23  2:06  Probe  
  28  2:13  Pylon  
  28  2:18  Probe  
  29  2:36  Stargate  
  29  2:38  Phoenix  
  29  2:41  Stalker  
  31  3:07  Nexus  
  31  3:10  Oracle  
  31  3:14  Probe  
  32  3:26  Probe  
  36  3:27  Pylon  
  36  3:38  Probe, Oracle  
  36  3:41  Shield Battery  
  40  3:50  Probe  
  40  3:54  Stalker  
  43  4:02  Probe  
  44  4:04  Stalker  
  46  4:11  Pylon  
  46  4:12  Probe  
  46  4:16  Probe  
  47  4:20  Probe  
  48  4:25  Probe  
  48  4:27  Stalker  
  48  4:29  Probe  
  52  4:37  Probe  
  52  4:38  Twilight Council  
  53  4:41  Probe  
  55  4:45  Phoenix  
  55  4:46  Probe  
  55  4:48  Blink  
  53  4:53  Probe  
  53  4:55  Probe  
  55  5:00  Forge  
  55  5:05  Assimilator  
  52  5:07  Stalker x2, Assimilator  
  52  5:09  Probe  
  52  5:12  Probe  
  58  5:21  Probe  
  59  5:24  Probe  
  59  5:25  Pylon  
  60  5:33  Probe  
  60  5:34  Protoss Ground Weapons Level 1  
  61  5:39  Stalker  
  63  5:42  Stalker  
  63  5:47  Shield Battery  
  65  5:56  Gateway x2  
  65  5:58  Oracle  
  65  6:01  Gateway  
  68  6:09  Robotics Facility  
  68  6:11  Stalker  
  68  6:14  Stalker  
  72  6:20  Pylon  
  72  6:28  Pylon  
  72  6:35  Stalker  
  74  6:46  Gateway x2  
  74  6:49  Charge  
  74  6:50  Pylon  
  74  6:51  Observer  
  74  7:00  Stalker  
  74  7:01  Stalker x3  
  80  7:10  Protoss Ground Weapons Level 2  
  80  7:28  Nexus  
  80  7:29  Pylon  
  80  7:42  Immortal  
  80  7:43  Templar Archives  
  84  7:49  Probe x2  
  86  7:52  Pylon  
  86  7:59  Photon Cannon  
  86  8:00  Photon Cannon  
  86  8:05  Gateway  
  86  8:07  Pylon  
  86  8:14  Immortal  
  86  8:22  High Templar x2  
  86  8:26  Archon  
  93  8:37  High Templar x2  
  93  8:38  Zealot x3  
  103  8:42  Archon  
  103  8:44  Photon Cannon  
  103  8:47  Probe x2  
  103  8:48  Probe  
  106  8:57  Warp Prism  
  106  9:01  Zealot x4  
  116  9:16  High Templar x2  
  120  9:17  Zealot  
  120  9:18  Zealot  
  120  9:23  Archon  
  124  9:24  Probe x3  
  127  9:39  Zealot x3  
  127  9:44  Pylon  
  133  9:55  Pylon  
  131  10:03  High Templar  
  131  10:04  High Templar  
  131  10:05  Zealot x6, High Templar  
  147  10:09  Archon  
  124  10:21  Probe x2  
  119  10:28  High Templar x2  
  119  10:29  Zealot x4  
  119  10:30  Probe  
  119  10:33  Archon  
  118  10:38  Dark Shrine  
  118  10:39  Zealot x2  
  96  10:50  Zealot x4  

Tags
 
Add a new tag
Caveats
  • Supply blocks, unpowered buildings, or Contaminate may cause inaccurate times.
  • Supply counts are checked every 10 seconds.